 Dungeon Crawl Stone Soup version 0.32-a0-886-g41c5271027 (webtiles) character file.

Game seed: 10862652294965415501

15 0gre the Chiller (level 2, -1/20 HPs)
             Began as a Gnoll Ice Elementalist on Apr 2, 2024.
             Slain by Terence
             ... wielding a +1 trident of freezing
              (2 damage)
             ... on level 2 of the Dungeon.
             The game lasted 00:02:44 (972 turns).

0gre the Chiller (Gnoll Ice Elementalist)            Turns: 972, Time: 00:02:45

Health: -1/20      AC:  2    Str:  7    XL:     2   Next: 50%
Magic:  5/7        EV: 12    Int: 14    God:
Gold:   51         SH:  0    Dex: 12    Spells: 9/10 levels left

rFire   . . .        a - +0 mace
rCold   . . .        (no shield)
rNeg    . . .        e - +0 robe
rPois   .            (no helmet)
rElec   .            (no cloak)
rCorr   .            (no gloves)
SInv    .            (no boots)
Will    .....        (no amulet)
Stlth   ++           (no ring)
HPRegen 0.23/turn    (no ring)
MPRegen 0.10/turn

%: no passive effects
@: no status effects
A: fangs 1, strong nose, distributed training
a: no special abilities


You were on level 2 of the Dungeon.
You visited 1 branch of the dungeon, and saw 2 of its levels.

You collected 51 gold pieces.

Inventory:

Hand Weapons
 a - a +0 mace (weapon)
 c - a +0 spear
Armour
 e - a +0 robe (worn)
Scrolls
 d - a scroll of noise {unknown}
 f - 3 scrolls of identify {unknown}
 g - a scroll of torment {unknown}
 h - a scroll of immolation {unknown}
 i - a scroll of poison {unknown}
Potions
 b - a potion of magic


   Skills:
 + Level 0.5 Fighting
 + Level 0.5 Short Blades
 + Level 0.5 Long Blades
 + Level 0.5 Axes
 + Level 0.5 Maces & Flails
 + Level 0.5 Polearms
 + Level 0.5 Staves
 + Level 0.5 Ranged Weapons
 + Level 0.5 Throwing
 + Level 0.5 Armour
 + Level 4.5 Dodging
 + Level 4.1 Stealth
 + Level 0.5 Shields
 + Level 0.5 Unarmed Combat
 + Level 4.9 Spellcasting
 + Level 0.3 Conjurations
 + Level 0.3 Hexes
 + Level 0.3 Summonings
 + Level 0.3 Necromancy
 + Level 0.3 Translocations
 + Level 0.3 Fire Magic
 + Level 7.0 Ice Magic
 + Level 0.3 Air Magic
 + Level 0.3 Earth Magic
 + Level 0.3 Alchemy
 + Level 0.6 Invocations
 + Level 0.5 Evocations
 + Level 0.4 Shapeshifting


You had 9 spell levels left.
You knew the following spells:

 Your Spells              Type           Power      Damage    Failure   Level
a - Freeze                Ice            92%        1d9       1%          1

Your spell library contained the following spells:

 Spells                   Type           Power      Damage    Failure   Level
 Frozen Ramparts          Ice            46%        1d7       3%          3
 Ozocubu's Armour         Ice            23%        N/A       3%          3
 Summon Ice Beast         Ice/Summ       13%        N/A       12%         3
 Necrotise                Necr           16%        1d4       16%         1
 Animate Dead             Necr           4%         N/A       83%         4
 Borgnjor's Vile Clutch   Necr/Erth      2%         N/A       99%         5


Dungeon Overview and Level Annotations

Branches:
Dungeon (2/15)

Altars:

Annotations:
D:2 Terence


Innate Abilities, Weirdness & Mutations

You have very sharp teeth.
Your uncanny sense of smell can sniff out nearby items.
Your experience applies equally to all skills.


Message History

Things that are here:
a +0 club; 5 stones An endoplasm comes into view.
The helpless endoplasm fails to defend itself.
You hit the endoplasm.
The endoplasm is heavily wounded.
The endoplasm hits you. The endoplasm freezes you.
You are frozen.
You hit the endoplasm.
You kill the endoplasm!
An adder comes into view.
A ball python comes into view.
Terence shouts!
Terence says, "How do you enjoy it?" Terence barely misses you.
Terence says, "You're history."
Terence hits you with a +1 trident of freezing!
Ouch! That really hurt!
Terence freezes you.
Casting: Freeze (safe; 1% risk of failure)
Confirm with . or Enter, or press ? or * to list all spells.
Aiming: Freeze (safe; 1% risk of failure)
Press: ? - help, Shift-Dir - straight line, f - Terence
Aim: Terence, wielding a +1 trident of freezing and wearing a +0 ring mail You freeze Terence!
Terence is heavily wounded.
Terence misses you.
Casting: Freeze (safe; 1% risk of failure)
Confirm with . or Enter, or press ? or * to list all spells.
Aiming: Freeze (safe; 1% risk of failure)
Press: ? - help, Shift-Dir - straight line, f/p - Terence
Aim: Terence, wielding a +1 trident of freezing and wearing a +0 ring mail (heavily wounded)
You freeze Terence.
Terence is severely wounded.
Terence hits you with a +1 trident of freezing!
* * * LOW HITPOINT WARNING * * *
Terence freezes you.
You die...
Terence says, "That felt goooood."

######## .......#
###
.......###...##
.#####.##.# #.####
.##.......# #....#
..).##.##.###.##@#
.......###...###@#
.#####.#
#######.##
.......#
#......###
########
#.#...<..#
#.#.#..#.#
#.#....#.#
#.#..#.#.#
#.#......#


You could see Terence.

Vanquished Creatures
  An endoplasm (D:2)
  A goblin (D:1)
  3 hobgoblins (D:1)
  4 jackals (D:1)
  A bat (D:1)
  2 kobolds
12 creatures vanquished.

Notes
Turn   | Place    | Note
-------+----------+-------------------------------------------
     0 | D:1      | 0gre the Gnoll Ice Elementalist began the quest for the
                  | Orb.
     0 | D:1      | Reached XP level 1. HP: 13/13 MP: 6/6
   368 | D:1      | Reached XP level 2. HP: 19/19 MP: 7/7
   368 | D:1      | Found a faded altar of an unknown god.
   494 | D:1      | Got the Tome of the Congealing Mausoleum
   872 | D:2      | Noticed Terence
   972 | D:2      | HP: 1/20 [Terence/+1 trident of freezing (7)]
   972 | D:2      | Slain by Terence

Illustrated notes

Levels and vault maps discovered:
D:1:      wander_arrival_lonely_grave, layout_basic,
          hellmonk_ecumenical_altar_leap_of_faith
D:2:      layout_loops_cross, serial_shops, shop_fountains, uniq_terence

Action                     || total
---------------------------++-------
  Melee: Mace              ||    22
         Bite              ||     1
   Cast: Freeze            ||    12
   Stab: Sleeping          ||     1
 Armour: Robe              ||    21
  Dodge: Dodged            ||    26

Table legend: (Time is in decaauts)
 A = Elapsed time spent in this place.
 B = Non-inter-level travel time spent in this place.
 C = Inter-level travel time spent in this place.
 D = Time resting spent in this place.
 E = Time spent auto-exploring this place.
 F = Levels seen in this place.
 G = Mean time per level.
                   A        B        C        D        E       F      G
               +--------+--------+--------+--------+--------+-----+--------+
         Total |    979 |    969 |     10 |     34 |    690 |   2 |  489.5 |
       Dungeon |    979 |    969 |     10 |     34 |    690 |   2 |  489.5 |
               +--------+--------+--------+--------+--------+-----+--------+

Top non-repeatable levels by time:
     D:1: 840 daAuts
     D:2: 139 daAuts
